 Dungeon Crawl Stone Soup version 0.28-a0-1190-g77e1c55843 (webtiles) character file.

Game seed: 2771545916284354753

1098 RepHenryClay the Ruffian (level 8, 0/91 HPs)
             Began as a Demonspawn Berserker on Dec 18, 2021.
             Was a Believer of Trog.
             Succumbed to a gnoll sergeant's poison
             ... on level 5 of the Dungeon.
             The game lasted 00:06:01 (5181 turns).

RepHenryClay the Ruffian (Demonspawn Berserker)     Turns: 5181, Time: 00:06:01

Health: 0/91       AC: 28    Str: 16 (18) XL:     8   Next: 10%
Magic:  8/8        EV:  2    Int:  5 (8)  God:    Trog [**....]
Gold:   284        SH:  4    Dex: 13 (15) Spells: 7/7 levels left

rFire   . . .      SeeInvis .     - Unarmed
rCold   . . .      Faith    .   (no shield)
rNeg    . . .      Spirit   .   (armour currently unavailable)
rPois   +          Reflect  .   (helmet currently unavailable)
rElec   .          Harm     .   (cloak currently unavailable)
rCorr   .          Rampage  .   (gloves currently unavailable)
Will    .....      NoTele   +   (boots currently unavailable)
Stlth   +.........              (no amulet)
HPRegen 0.25/turn               (no ring)
MPRegen 0.11/turn               (no ring)

@: lethally poisoned (0 -> -9), tree-form, attractive
A: stationary, stasis, torment immunity, boosted hp, (claws 1), icemail 1,
(spiny 2), condensation shield, (weakness stinger 2)
a: Renounce Religion, Berserk, Trog's Hand


You were on level 5 of the Dungeon.
You worshipped Trog.
Trog was pleased with you.
You were a tree.
You visited 2 branches of the dungeon, and saw 6 of its levels.

You collected 284 gold pieces.

Inventory:

Hand Weapons
 l - a +1 whip of electrocution
Armour
 a - a +0 scale mail (melded)
 b - a +0 animal skin
 k - a +0 ring mail
 s - a +2 robe of fire resistance
Jewellery
 j - a ring of ice
Scrolls
 c - 3 scrolls of teleportation {unknown}
 d - 4 scrolls of noise {unknown}
 e - a scroll of blinking {unknown}
 g - 3 scrolls of enchant weapon {unknown}
 h - 7 scrolls of identify {unknown}
 i - 2 scrolls of amnesia {unknown}
 m - a scroll of enchant armour {unknown}
 p - a scroll of vulnerability {unknown}
 q - a scroll of fog {unknown}
Potions
 f - a potion of degeneration
 r - a potion of attraction


   Skills:
 + Level 4.8 Fighting
 - Level 2.8 Axes
 + Level 3.8 Armour
 + Level 3.8 Dodging
 + Level 6.0 Unarmed Combat


You had 7 spell levels left.
You didn't know any spells.
Your spell library was empty.

Dungeon Overview and Level Annotations

Branches:
Dungeon (5/15)             Temple (1/1) D:4

Altars:
Ashenzari
Dithmenos
Elyvilon
Fedhas
Gozag
Hepliaklqana
Nemelex Xobeh
Okawaru
Qazlal
Ru
Sif Muna
Uskayaw
Vehumet
Wu Jian
Xom
Yredelemnul
Zin
The Shining One


Innate Abilities, Weirdness & Mutations

You are a tree.
Your roots penetrate the ground, keeping you stationary.
You cannot be teleported.
You are immune to unholy pain and torment.
Your maximum health is greatly increased.
Your equipment is partially melded.
((You have sharp fingernails.))
A meltable icy envelope protects you from harm. (AC +4)
((You are mostly covered in sharp spines.))
A meltable shield of frost defends you. (SH +4)
((You have a tail ending in a sharp stinger.))


Message History

The gnoll hits you but does no damage.
Damage: -10%(-6hp) hp: 48%(29hp)
You scratch the gnoll sergeant.
You kill the gnoll sergeant!
Trog accepts your kill.
* * * LOW HITPOINT WARNING * * *
You feel extremely sick. The gnoll hits you but does no damage.
Huge Dmg: -11%(-7hp) hp: 37%(22hp) It was a potion of degeneration.
There was something very wrong with that liquid.
You feel weakened.
You feel dopey.
You feel clumsy.
* * * LOW HITPOINT WARNING * * *
You feel very sick. The gnoll hits you but does no damage.
Huge Dmg: -10%(-6hp) hp: 27%(16hp) It was a potion of attraction.
You feel attractive to monsters.
* * * LOW HITPOINT WARNING * * *
You feel very sick. The gnoll misses you. The gnoll is attracted toward you.
Huge Dmg: -7%(-4hp) hp: 20%(12hp) It was a potion of lignification.
You turn into a tree.
Your +0 scale mail melds into your body.
Your roots penetrate the ground.
* * * LOW HITPOINT WARNING * * *
You feel very sick. The gnoll hits you but does no damage.
Unknown command.
It was a potion of magic.
Magic courses through your body.
* * * LOW HITPOINT WARNING * * *
You feel very sick. The gnoll hits you with a +0 spear!
* * * LOW HITPOINT WARNING * * *
Huge Dmg: -12%(-11hp) hp: 4%(3hp) Unknown command.
* * * LOW HITPOINT WARNING * * *
You feel sick. The gnoll hits you but does no damage.
Huge Dmg: -2%(-2hp) hp: 2%(1hp)
You die...

#.#####.#.# ## #.#
#.#.# # #.# #.#.# #
######.#####.#.#
#............#.#
#.#####.######.######
#.# #.# #.#.....
#.#####.# #......#
#..♣gg#.########.##.#
#####.#...........#.#
#.########....#.# #g.
..........#.#
#.#########...#.# .g.
#...#...#.# ###
#.......#..
##.###.##..###
...............


You could see 2 gnolls.

Vanquished Creatures
  Sigmund (D:3)
  An ice beast (D:5)
  A sky beast (D:5)
  A centaur (D:4)
  A phantom (D:5)
  A gnoll sergeant (D:5)
  A scorpion (D:5)
  A water moccasin zombie (D:5)
  A wyvern skeleton (D:4)
  A howler monkey (D:5)
  A bullfrog skeleton (D:3)
  A bullfrog zombie (D:5)
  2 centaur skeletons
  A hound (D:4)
  2 iguanas
  An orc wizard (D:5)
  5 adders
  A white imp (D:5)
  An adder skeleton (D:4)
  2 dart slugs
  6 orcs
  3 bats
  9 endoplasms
  4 giant cockroaches
  6 hobgoblins
  2 quokkas
  4 ball pythons
  5 frilled lizards
  3 goblins
  5 kobolds
  3 rats
77 creatures vanquished.

Notes
Turn   | Place    | Note
-------+----------+-------------------------------------------
     0 | D:1      | RepHenryClay the Demonspawn Berserker began the quest for
                  | the Orb.
     0 | D:1      | Reached XP level 1. HP: 18/18 MP: 1/1
   211 | D:1      | Discovered your monstrous ancestry.
   211 | D:1      | Gained mutation: You have sharp fingernails. [demonic
                  | ancestry]
   211 | D:1      | Reached XP level 2. HP: 18/24 MP: 2/2
   780 | D:1      | Reached skill level 1 in Unarmed Combat
  1445 | D:2      | Gained mutation: You are partially covered in sharp spines.
                  | [demonic ancestry]
  1445 | D:2      | Reached XP level 3. HP: 27/29 MP: 3/3
  1495 | D:2      | Reached skill level 2 in Unarmed Combat
  1527 | D:2      | Found a faded altar of an unknown god.
  2280 | D:3      | Reached ** piety under Trog
  2307 | D:3      | Gained mutation: You are mostly covered in sharp spines.
                  | [demonic ancestry]
  2307 | D:3      | Reached XP level 4. HP: 29/35 MP: 4/4
  2427 | D:3      | Noticed Sigmund
  2439 | D:3      | Killed Sigmund
  2440 | D:3      | Reached skill level 4 in Unarmed Combat
  2440 | D:3      | Gained mutation: A meltable shield of frost defends you.
                  | (SH +4) [demonic ancestry]
  2440 | D:3      | Reached XP level 5. HP: 31/41 MP: 5/5
  2512 | D:3      | Reached skill level 5 in Unarmed Combat
  2740 | D:3      | Gained mutation: A meltable icy envelope protects you from
                  | harm. (AC +4) [demonic ancestry]
  2740 | D:3      | Reached XP level 6. HP: 47/47 MP: 6/6
  3412 | D:4      | Found a staircase to the Ecumenical Temple.
  3527 | Temple   | Entered the Ecumenical Temple
  4087 | D:5      | Entered Level 5 of the Dungeon
  4154 | D:5      | Gained mutation: You have a small tail. [demonic ancestry]
  4154 | D:5      | Reached XP level 7. HP: 53/53 MP: 7/7
  5030 | D:5      | Reached skill level 6 in Unarmed Combat
  5030 | D:5      | Gained mutation: You have a tail ending in a sharp stinger.
                  | [demonic ancestry]
  5030 | D:5      | Reached XP level 8. HP: 61/61 MP: 8/8
  5179 | D:5      | HP: 3/91 [gnoll (7)]
  5180 | D:5      | HP: 1/91 [poisoned by a gnoll sergeant]
  5181 | D:5      | Succumbed to a gnoll sergeant's poison

Illustrated notes

Levels and vault maps discovered:
D:1:      sevenhm_arrival_forest_fort_large_4, layout_basic,
          minmay_misc_feat_nine_boxes, kennysheep_crisscross,
          kennysheep_pointless_box
D:2:      layout_basic, basic_ecumenical_altar
D:3:      layout_loops_cross, grunt_decor_resistance, uniq_sigmund
D:4:      layout_basic, minmay_temple_entry_glassed_door,
          minmay_misc_feat_cross, due_unseen_surprise
D:5:      layout_basic
Temple:   regret_index_temple_mists

Skill      XL: |  1  2  3  4  5  6  7 |
---------------+----------------------+-----
Armour         | 2 3 |  3.8
Dodging        | 2 3 |  3.8
Unarmed Combat | 1 2 4 5 6 |  6.0
Fighting       | 4 |  4.8
Axes           | |  2.8

Action                   |  1- 3 |  4- 6 |  7- 9 || total
-------------------------+-------+-------+-------++-------
Melee: Hand axe          |    16 |       |       ||    16
       Unarmed           |    95 |    68 |    74 ||   237
       Tailslap          |       |       |    14 ||    14
       Punch             |       |       |     4 ||     4
Invok: Trog's Hand       |       |     1 |       ||     1
  Use: Potion            |       |     3 |     5 ||     8
 Stab: Sleeping          |     1 |       |       ||     1
Armor: Animal skin       |    19 |       |       ||    19
       Ring mail         |       |     9 |       ||     9
       Scale mail        |       |    13 |    26 ||    39
       Skin              |       |       |     2 ||     2
Dodge: Dodged            |    75 |    34 |    18 ||   127
Block: Other             |       |     4 |     5 ||     9

Table legend: (Time is in decaauts)
 A = Elapsed time spent in this place.
 B = Non-inter-level travel time spent in this place.
 C = Inter-level travel time spent in this place.
 D = Time resting spent in this place.
 E = Time spent auto-exploring this place.
 F = Levels seen in this place.
 G = Mean time per level.
                   A        B        C        D        E       F      G
               +--------+--------+--------+--------+--------+-----+--------+
         Total |   5194 |   4986 |    208 |    224 |   4105 |   6 |  865.7 |
       Dungeon |   5013 |   4835 |    178 |    224 |   3988 |   5 | 1002.6 |
        Temple |    181 |    152 |     29 |      0 |    116 |   1 |  181.0 |
               +--------+--------+--------+--------+--------+-----+--------+

Top non-repeatable levels by time:
     D:1: 1240 daAuts
     D:5: 1085 daAuts
     D:4: 987 daAuts
     D:2: 960 daAuts
     D:3: 740 daAuts
  Temple: 181 daAuts
